 Dungeon Crawl Stone Soup version 0.30.0-19-g36f170ea60 (webtiles) character file.

Game seed: 5953515944604204219

153 monsoonserge the Chucker (level 5, -2/41 HPs)
             Began as a Gnoll Wanderer on May 29, 2023.
             Was a Believer of Jiyva.
             Slain by a gnoll
             ... wielding a +0 whip
              (7 damage)
             ... on level 3 of the Dungeon.
             The game lasted 00:06:06 (1660 turns).

monsoonserge the Chucker (Gnoll Wanderer)           Turns: 1660, Time: 00:06:07

Health: -2/41      AC:  4    Str: 11    XL:     5   Next: 35%
Magic:  9/9        EV: 12    Int: 12    God:    Jiyva [**....]
Gold:   54         SH:  0    Dex: 13    Spells: 6/10 levels left

rFire   . . .        a - +0 quarterstaff
rCold   . . .        (shield currently unavailable)
rNeg    . . .        e - +0 leather armour
rPois   .            (no helmet)
rElec   .            (no cloak)
rCorr   +            i - +0 pair of gloves
SInv    .            (no boots)
Will    .....        (no amulet)
Stlth   ++           (no ring)
HPRegen 1.22/turn    (no ring)
MPRegen 0.41/turn

%: no passive effects
@: mighty
A: fangs 1, strong nose, distributed training
a: Renounce Religion


You were on level 3 of the Dungeon.
You worshipped Jiyva.
Jiyva was pleased with you.
You visited 1 branch of the dungeon, and saw 3 of its levels.

You collected 54 gold pieces.

Inventory:

Hand Weapons
 a - a +0 quarterstaff (weapon)
 m - a +0 great sword
Missiles
 b - 13 poisoned darts (quivered)
Armour
 e - a +0 leather armour (worn)
 i - a +0 pair of gloves (worn)
 k - a +0 ring mail
Scrolls
 c - a scroll of silence {unknown}
 f - 2 scrolls of magic mapping {unknown}
 g - a scroll of enchant weapon {unknown}
 h - a scroll of torment {unknown}
 j - a scroll of amnesia {unknown}
 n - a scroll of immolation {unknown}
 o - a scroll of identify {unknown}
Potions
 l - a potion of lignification {unknown}


   Skills:
 + Level 3.0 Fighting
 + Level 1.5 Short Blades
 + Level 1.5 Long Blades
 + Level 1.5 Axes
 + Level 1.5 Maces & Flails
 + Level 1.5 Polearms
 + Level 3.0 Staves
 + Level 1.5 Ranged Weapons
 + Level 4.8 Throwing
 + Level 3.0 Armour
 + Level 3.0 Dodging
 + Level 2.8 Stealth
 + Level 1.5 Shields
 + Level 1.5 Unarmed Combat
 + Level 3.2 Spellcasting
 + Level 1.2 Conjurations
 + Level 1.2 Hexes
 + Level 1.2 Summonings
 + Level 1.2 Necromancy
 + Level 4.0 Translocations
 + Level 1.2 Transmutations
 + Level 1.2 Fire Magic
 + Level 1.2 Ice Magic
 + Level 1.2 Air Magic
 + Level 1.2 Earth Magic
 + Level 1.2 Poison Magic
 + Level 1.7 Invocations
 + Level 1.5 Evocations


You had 6 spell levels left.
You knew the following spells:

 Your Spells              Type           Power      Damage    Failure   Level
a - Apportation           Tloc           22%        N/A       6%          1
b - Teleport Other        Tloc           11%        N/A       19%         3

Your spell library contained the following spells:

 Spells                   Type           Power      Damage    Failure   Level
 Magic Dart               Conj           16%        1d3       19%         1
 Searing Ray              Conj           8%         2d4       28%         2
 Vhi's Electric Charge    Tloc/Air       16%        N/A       32%         3
 Volatile Blastmotes      Fire/Tloc      16%        2d11      32%         3
 Fulminant Prism          Conj/Hex       2%         3d5       88%         4
 Arcjolt                  Conj/Air       2%         1d12      99%         5
 Maxwell's Capacitive Co  Air            2%         ∞         100%        8


Dungeon Overview and Level Annotations

Branches:
Dungeon (3/15)

Altars:
Nemelex Xobeh
Zin
Jiyva

Shops:
D:3 *


Innate Abilities, Weirdness & Mutations

You have very sharp teeth.
Your uncanny sense of smell can sniff out nearby items.
Your experience applies equally to all skills.


Message History

You add the spells Vhi's Electric Charge, Arcjolt and Maxwell's Capacitive Coupling to your library.
The gnoll hits the plant with a +0 flail!
The plant begins to die.
Unknown command.
Okay, then.
The gnoll barely misses you.
Casting: Apportation (safe; 6% risk of failure)
Confirm with . or Enter, or press ? or * to list all spells.
Okay, then.
You closely miss the hobgoblin. The hobgoblin closely misses you.
You closely miss the hobgoblin.
A nearby plant withers and dies.
The hobgoblin closely misses you.
The gnoll hits you from afar with a +0 halberd!
You hit the hobgoblin.
The hobgoblin is moderately wounded.
The gnoll barely misses you. The hobgoblin hits you.
You sock the hobgoblin!
You kill the hobgoblin!
The gnoll hits you from afar with a +0 halberd.
The gnoll hits you with a +0 whip! The gnoll closely misses you.
You closely miss the gnoll. The gnoll hits you with a +0 flail!
The gnoll misses you.
You hit the gnoll but do no damage. The gnoll closely misses you.
The gnoll hits you with a +0 whip. The gnoll misses you.
The gnoll barely misses you. The gnoll hits you but does no damage.
You feel very mighty all of a sudden.
The gnoll hits you from afar with a +0 halberd!
* * * LOW HITPOINT WARNING * * *
The gnoll closely misses you.
You hit the gnoll.
The gnoll is heavily wounded.
The gnoll hits you with a +0 whip.
* * * LOW HITPOINT WARNING * * *
The gnoll hits you from afar with a +0 halberd.
* * * LOW HITPOINT WARNING * * *
The gnoll closely misses you.
You hit the gnoll.
The gnoll is almost dead.
The gnoll hits you with a +0 whip!
You die...

#. ..##### #..###...<.
#.##⌠##..# ......P..
#..#_#..## .......P.
########........# #........
................####........
#.####.....∩......##........
#..........†....@g..P.......
#..###.#.#...####g##........
#..# #...##### #gg†........
#..###.#.# #..#########
#..)...#.# #..# #.##.###.#
#..# #.##.# #.. .... ..##.#
### ##... ####.. .>..#


You could see 4 gnolls.

Vanquished Creatures
  A scorpion (D:3)
  An orc priest (D:3)
  A worm (D:2)
  2 dart slugs
  3 orcs (D:3)
  6 endoplasms (D:1)
  2 giant cockroaches (D:1)
  7 goblins
  4 hobgoblins
  4 jackals (D:3)
  3 kobolds
  A quokka (D:1)
  7 ball pythons
  3 bats (D:1)
  2 frilled lizards (D:1)
  3 rats
50 creatures vanquished.

Vanquished Creatures (others)
  An endoplasm (D:3)
  2 bats
  A frilled lizard (D:2)
4 creatures vanquished.

Grand Total: 54 creatures vanquished

Notes
Turn   | Place    | Note
-------+----------+-------------------------------------------
     0 | D:1      | monsoonserge the Gnoll Wanderer began the quest for the
                  | Orb.
     0 | D:1      | monsoonserge set off with the following items: a +0
                  | quarterstaff, 13 poisoned darts, a +0 dagger, a potion of
                  | might, a +0 leather armour; and the following spell
                  | memorised: Apportation; and the following spells available
                  | to memorise: Teleport Other, Volatile Blastmotes.
     0 | D:1      | Reached XP level 1. HP: 17/17 MP: 4/4
    61 | D:1      | Reached XP level 2. HP: 23/23 MP: 5/5
   382 | D:1      | Reached XP level 3. HP: 28/28 MP: 7/7
   531 | D:1      | Found a faded altar of an unknown god.
   543 | D:1      | Prayed at the altar of an unknown god.
   543 | D:1      | Became a worshipper of Jiyva Jetoec the Shapeless
   543 | D:1      | Reached * piety under Jiyva
   795 | D:2      | Found a sparkling altar of Nemelex Xobeh.
   827 | D:2      | Reached skill level 1 in Invocations
   909 | D:2      | Reached ** piety under Jiyva
  1441 | D:3      | Reached skill level 1 in Short Blades
  1441 | D:3      | Reached skill level 1 in Long Blades
  1441 | D:3      | Reached skill level 1 in Axes
  1441 | D:3      | Reached skill level 1 in Maces & Flails
  1441 | D:3      | Reached skill level 1 in Polearms
  1441 | D:3      | Reached skill level 1 in Ranged Weapons
  1441 | D:3      | Reached skill level 1 in Shields
  1441 | D:3      | Reached skill level 1 in Unarmed Combat
  1441 | D:3      | Reached skill level 1 in Evocations
  1447 | D:3      | Reached XP level 4. HP: 24/34 MP: 8/8
  1450 | D:3      | Reached skill level 1 in Conjurations
  1450 | D:3      | Reached skill level 1 in Hexes
  1450 | D:3      | Reached skill level 1 in Summonings
  1450 | D:3      | Reached skill level 1 in Necromancy
  1450 | D:3      | Reached skill level 1 in Transmutations
  1450 | D:3      | Reached skill level 1 in Fire Magic
  1450 | D:3      | Reached skill level 1 in Ice Magic
  1450 | D:3      | Reached skill level 1 in Air Magic
  1450 | D:3      | Reached skill level 1 in Earth Magic
  1450 | D:3      | Reached skill level 1 in Poison Magic
  1478 | D:3      | Noticed a scorpion
  1484 | D:3      | Learned a level 3 spell: Teleport Other
  1490 | D:3      | Killed a scorpion
  1491 | D:3      | Reached XP level 5. HP: 29/41 MP: 9/9
  1622 | D:3      | Found Zin's Purification Station.
  1624 | D:3      | Found a glowing silver altar of Zin.
  1660 | D:3      | Slain by a gnoll

Illustrated notes

Levels and vault maps discovered:
D:1:      dpeg_arrival_arbitrary_c, layout_loops_ring,
          shapermc_ecumenical_altar_pompeii, minmay_pentomino_z2
D:2:      wad_crossroads, layout_loops_ring, basic_altar, serial_bayou_crossing
D:3:      layout_loops_ring, zin_purify, nicolae_grassy_gnolls

Skill      XL: |  1  2  3  4  5 |
---------------+----------------+-----
Invocations    | 1 |  1.7
Short Blades   | 1 |  1.5
Long Blades    | 1 |  1.5
Axes           | 1 |  1.5
Maces & Flails | 1 |  1.5
Polearms       | 1 |  1.5
Ranged Weapons | 1 |  1.5
Shields        | 1 |  1.5
Unarmed Combat | 1 |  1.5
Evocations     | 1 |  1.5
Spellcasting   | 3 |  3.2
Conjurations   | 1 |  1.2
Hexes          | 1 |  1.2
Summonings     | 1 |  1.2
Necromancy     | 1 |  1.2
Transmutations | 1 |  1.2
Fire Magic     | 1 |  1.2
Ice Magic      | 1 |  1.2
Air Magic      | 1 |  1.2
Earth Magic    | 1 |  1.2
Poison Magic   | 1 |  1.2
Fighting       | 3 |  3.0
Staves         | 3 |  3.0
Armour         | 3 |  3.0
Dodging        | 3 |  3.0
Translocations | 4 |  4.0
Throwing       | |  4.8
Stealth        | |  2.8

Action                     |  1- 3 |  4- 6 || total
---------------------------+-------+-------++-------
  Melee: Quarterstaff      |   104 |    52 ||   156
         Bite              |     7 |     3 ||    10
    Use: Potion            |       |     1 ||     1
   Stab: Sleeping          |     4 |       ||     4
 Armour: Leather armour    |    39 |    27 ||    66
  Dodge: Dodged            |    72 |    62 ||   134
